| TOP OF THE 1ST |
|
Beloit Snappers batting - Pitching for Lansing Lugnuts : RHP Edward Saunders
|
|
Pitching: RHP Edward Saunders
|
|
|
Batting: RHB Dan Boylan
|
0-0: Ball 1-0: Ball 2-0: Called Strike 2-1: Foul Ball, location: 2F 2-2: Strikes out swinging
|
|
Batting: RHB Scott Wiggs
|
0-0: Ball 1-0: Called Strike 1-1: Ball 2-1: Ball 3-1: Foul Ball, location: 2F 3-2: Foul Ball, location: 2F 3-2: Strikes out swinging
|
|
Batting: SHB D.J. Codd
|
0-0: Foul Ball, location: 2F 0-1: Swinging Strike 0-2: Ball 1-2: Ground out 4-3 (Groundball, 4, EV 86.3 MPH)
|
| Top of the 1st over - 0 runs, 0 hits, 0 errors, 0 left on base; Beloit 0 - Lansing 0 |
| BOTTOM OF THE 1ST |
|
Lansing Lugnuts batting - Pitching for Beloit Snappers : RHP Roberto Benavides
|
|
Pitching: RHP Roberto Benavides
|
|
|
Batting: RHB Bryan Westray
|
0-0: Ball 1-0: Called Strike 1-1: Fly out, F8 (Flyball, 8LD, EV 82.5 MPH)
|
|
Batting: RHB Finn Ross
|
0-0: Ground out 5-3 (Groundball, 56, EV 85.6 MPH)
|
|
Batting: LHB David Ramirez
|
0-0: Called Strike 0-1: Foul Ball, location: 2F 0-2: Ball 1-2: Ball 2-2: Fly out, F9 (Line Drive, 9, EV 88.1 MPH)
|
| Bottom of the 1st over - 0 runs, 0 hits, 0 errors, 0 left on base; Beloit 0 - Lansing 0 |
| TOP OF THE 2ND |
|
Beloit Snappers batting - Pitching for Lansing Lugnuts : RHP Edward Saunders
|
|
Batting: RHB Diwan Abdul-Salam
|
0-0: Ground out U3 (Groundball, 3S, EV 85.6 MPH)
|
|
Batting: RHB Manny Vizzerra
|
0-0: Ball 1-0: Called Strike 1-1: Fly out, F9 (Flyball, 9S, EV 92.5 MPH)
|
|
Batting: RHB Rick Linders
|
0-0: Ball 1-0: Ball 2-0: Called Strike 2-1: Ground out 4-3 (Groundball, 34, EV 83.1 MPH)
|
| Top of the 2nd over - 0 runs, 0 hits, 0 errors, 0 left on base; Beloit 0 - Lansing 0 |
| BOTTOM OF THE 2ND |
|
Lansing Lugnuts batting - Pitching for Beloit Snappers : RHP Roberto Benavides
|
|
Batting: SHB Jose Garcia
|
0-0: Called Strike 0-1: Called Strike 0-2: Fly out, F6 (Popup, 4MD, EV 48.8 MPH)
|
|
Batting: LHB Sumiki Okuhara
|
0-0: Foul Ball, location: 2F 0-1: Foul Ball, location: 2F 0-2: Ball 1-2: Ball 2-2: Foul Ball, location: 2F 2-2: Ball 3-2: SINGLE (Line Drive, 6D, EV 95.0 MPH)
|
|
Batting: RHB B.J. Worthy
|
0-0: Called Strike 0-1: Ball 1-1: Ball 2-1: Foul Ball, location: 2F 2-2: Ball 3-2: Fly out, F6 (Popup, 56, EV 69.4 MPH)
|
|
Batting: RHB Luis Reyes
|
0-0: Called Strike 0-1: Foul Ball, location: 2F 0-2: Ball 1-2: Ball 2-2: Foul Ball, location: 2F 2-2: Fly out, F7 (Flyball, 7LM, EV 93.8 MPH)
|
| Bottom of the 2nd over - 0 runs, 1 hit, 0 errors, 1 left on base; Beloit 0 - Lansing 0 |
| TOP OF THE 3RD |
|
Beloit Snappers batting - Pitching for Lansing Lugnuts : RHP Edward Saunders
|
|
Batting: RHB Travis Lanctot
|
0-0: Ball 1-0: Foul Ball, location: 2F 1-1: Swinging Strike 1-2: Ball 2-2: Strikes out swinging
|
|
Batting: LHB Raita Inouye
|
0-0: Ground out 1-3 (Groundball, 13, EV 75.0 MPH)
|
|
Batting: RHB Brian Rathbun
|
0-0: Ball 1-0: Swinging Strike 1-1: Called Strike 1-2: Foul Ball, location: 2F 1-2: Strikes out swinging, 2-3 out at first.
|
| Top of the 3rd over - 0 runs, 0 hits, 0 errors, 0 left on base; Beloit 0 - Lansing 0 |
| BOTTOM OF THE 3RD |
|
Lansing Lugnuts batting - Pitching for Beloit Snappers : RHP Roberto Benavides
|
|
Batting: RHB Darren McCarty Jr.
|
0-0: Called Strike 0-1: Ball 1-1: Ball 2-1: Foul Ball, location: 2F 2-2: Ball 3-2: Strikes out swinging
|
|
Batting: RHB Nick Wicker
|
0-0: Foul Ball, location: 2F 0-1: Ball 1-1: Ball 2-1: SINGLE (Line Drive, 7S, EV 106.9 MPH)
|
|
Batting: RHB Bryan Westray
|
0-0: Foul Ball, location: 2F 0-1: Ball Nick Wicker is caught stealing 2nd base 2-4 1-1: SINGLE (Groundball, 56D, EV 100.0 MPH)
|
|
Batting: RHB Finn Ross
|
0-0: Foul Ball, location: 2F 0-1: Ball 1-1: Ball 2-1: Called Strike 2-2: SINGLE (Groundball, 6S, EV 70.0 MPH) (infield hit) Bryan Westray to second
|
|
Batting: LHB David Ramirez
|
0-0: Foul Ball, location: 2F 0-1: Ball 1-1: 3-RUN HOME RUN (Flyball, 9LD, EV 98.8 MPH), Distance : 381 ft
|
|
Batting: SHB Jose Garcia
|
0-0: Ball 1-0: Called Strike 1-1: Ball 2-1: Foul Ball, location: 2F 2-2: Strikes out swinging
|
| Bottom of the 3rd over - 3 runs, 4 hits, 0 errors, 0 left on base; Beloit 0 - Lansing 3 |
| TOP OF THE 4TH |
|
Beloit Snappers batting - Pitching for Lansing Lugnuts : RHP Edward Saunders
|
|
Batting: RHB Dan Boylan
|
0-0: Called Strike 0-1: Ball 1-1: Foul Ball, location: 2F 1-2: Ball 2-2: Ball 3-2: Base on Balls
|
|
Batting: RHB Scott Wiggs
|
0-0: Ball Dan Boylan is caught stealing 2nd base 2-4 1-0: Called Strike 1-1: Swinging Strike 1-2: Strikes out swinging
|
|
Batting: SHB D.J. Codd
|
0-0: Ball 1-0: Called Strike 1-1: Ball 2-1: Swinging Strike 2-2: Strikes out swinging
|
| Top of the 4th over - 0 runs, 0 hits, 0 errors, 0 left on base; Beloit 0 - Lansing 3 |
| BOTTOM OF THE 4TH |
|
Lansing Lugnuts batting - Pitching for Beloit Snappers : RHP Roberto Benavides
|
|
Batting: LHB Sumiki Okuhara
|
0-0: Foul Ball, location: 2F 0-1: Ball 1-1: Foul Ball, location: 2F 1-2: Strikes out swinging
|
|
Batting: RHB B.J. Worthy
|
0-0: Called Strike 0-1: SINGLE (Groundball, 4MD, EV 100.6 MPH)
|
|
Batting: RHB Luis Reyes
|
0-0: Ball 1-0: Ball 2-0: Swinging Strike 2-1: Fielders Choice at 2nd, 5-4 (Groundball, 56, EV 78.8 MPH)
|
|
Batting: RHB Darren McCarty Jr.
|
0-0: Ball 1-0: Ball 2-0: Called Strike 2-1: Swinging Strike 2-2: Foul Ball, location: 2F 2-2: SINGLE (Groundball, 6MS, EV 65.0 MPH) (infield hit) Luis Reyes to second
|
|
Batting: RHB Nick Wicker
|
0-0: Foul Ball, location: 2F 0-1: Ball 1-1: Foul Ball, location: 2F 1-2: Strikes out swinging
|
| Bottom of the 4th over - 0 runs, 2 hits, 0 errors, 2 left on base; Beloit 0 - Lansing 3 |
| TOP OF THE 5TH |
|
Beloit Snappers batting - Pitching for Lansing Lugnuts : RHP Edward Saunders
|
|
Batting: RHB Diwan Abdul-Salam
|
0-0: Ball 1-0: Ball 2-0: Ball 3-0: Fly out, F8 (Flyball, 8RM, EV 88.8 MPH)
|
|
Batting: RHB Manny Vizzerra
|
0-0: Called Strike 0-1: SOLO HOME RUN (Line Drive, 9LD, EV 95.6 MPH), Distance : 347 ft
|
|
Batting: RHB Rick Linders
|
0-0: Called Strike 0-1: Ball 1-1: Foul Ball, location: 2F 1-2: Ball 2-2: Strikes out swinging
|
|
Batting: RHB Travis Lanctot
|
0-0: Ball 1-0: Called Strike 1-1: Foul Ball, location: 2F 1-2: Strikes out swinging
|
| Top of the 5th over - 1 run, 1 hit, 0 errors, 0 left on base; Beloit 1 - Lansing 3 |
| BOTTOM OF THE 5TH |
|
Lansing Lugnuts batting - Pitching for Beloit Snappers : RHP Roberto Benavides
|
|
Pitching: RHP Andrew Douglas
|
|
|
Batting: RHB Bryan Westray
|
0-0: Ball 1-0: Foul Ball, location: 2F 1-1: SINGLE (Groundball, 6MD, EV 94.4 MPH)
|
|
Batting: RHB Finn Ross
|
0-0: Called Strike Bryan Westray steals 2nd base 0-1: Ball 1-1: Foul Ball, location: 2F 1-2: Ball 2-2: Strikes out swinging
|
|
Batting: LHB David Ramirez
|
0-0: Ball 1-0: Called Strike 1-1: Ball 2-1: Fly out, F7 (Flyball, 7S, EV 81.9 MPH)
|
|
Batting: SHB Jose Garcia
|
0-0: Hit by Pitch
|
|
Batting: LHB Sumiki Okuhara
|
0-0: Called Strike 0-1: Foul Ball, location: 2F 0-2: Fielders Choice at 2nd, U6 (Groundball, 6M, EV 79.4 MPH)
|
| Bottom of the 5th over - 0 runs, 1 hit, 0 errors, 2 left on base; Beloit 1 - Lansing 3 |
| TOP OF THE 6TH |
|
Beloit Snappers batting - Pitching for Lansing Lugnuts : RHP Edward Saunders
|
|
Batting: LHB Raita Inouye
|
0-0: Foul Ball, location: 2F 0-1: Swinging Strike 0-2: Strikes out looking
|
|
Batting: RHB Brian Rathbun
|
0-0: Foul Ball, location: 2F 0-1: Ball 1-1: Swinging Strike 1-2: Ball 2-2: SOLO HOME RUN (Flyball, 78XD, EV 112.5 MPH), Distance : 409 ft
|
|
Batting: RHB Dan Boylan
|
0-0: Ball 1-0: Called Strike 1-1: Ball 2-1: Ground out 5-3 (Groundball, 56, EV 89.4 MPH)
|
|
Batting: RHB Scott Wiggs
|
0-0: Ball 1-0: Foul Ball, location: 2F 1-1: Swinging Strike 1-2: Strikes out swinging
|
| Top of the 6th over - 1 run, 1 hit, 0 errors, 0 left on base; Beloit 2 - Lansing 3 |
| BOTTOM OF THE 6TH |
|
Lansing Lugnuts batting - Pitching for Beloit Snappers : RHP Andrew Douglas
|
|
Batting: RHB B.J. Worthy
|
0-0: SINGLE (Groundball, 56D, EV 95.6 MPH)
|
|
Batting: RHB Luis Reyes
|
0-0: Fly out, F8 (Flyball, 8RS, EV 95.6 MPH)
|
|
Batting: RHB Darren McCarty Jr.
|
0-0: Ball B.J. Worthy steals 2nd base 1-0: Ball 2-0: Swinging Strike 2-1: Swinging Strike 2-2: Foul Ball, location: 2F 2-2: Foul Ball, location: 2F 2-2: Strikes out swinging
|
|
Batting: RHB Nick Wicker
|
0-0: Called Strike 0-1: Called Strike 0-2: Foul Ball, location: 2F 0-2: Foul Ball, location: 2F 0-2: Strikes out swinging
|
| Bottom of the 6th over - 0 runs, 1 hit, 0 errors, 1 left on base; Beloit 2 - Lansing 3 |
| TOP OF THE 7TH |
|
Beloit Snappers batting - Pitching for Lansing Lugnuts : RHP Edward Saunders
|
|
Batting: SHB D.J. Codd
|
0-0: Ball 1-0: Foul Ball, location: 2F 1-1: Foul Ball, location: 2F 1-2: Ball 2-2: SOLO HOME RUN (Flyball, 78XD, EV 100.0 MPH), Distance : 408 ft
|
|
Batting: RHB Diwan Abdul-Salam
|
0-0: Called Strike 0-1: SOLO HOME RUN (Flyball, 9D, EV 95.6 MPH), Distance : 371 ft
|
|
Batting: RHB Manny Vizzerra
|
0-0: Ball 1-0: Foul Ball, location: 2F 1-1: Called Strike 1-2: Ball 2-2: Foul Ball, location: 2F 2-2: Ball 3-2: Strikes out swinging
|
|
Batting: RHB Rick Linders
|
0-0: Called Strike 0-1: Foul Ball, location: 2F 0-2: Foul Ball, location: 2F 0-2: Strikes out looking
|
|
Batting: RHB Travis Lanctot
|
0-0: Ball 1-0: Ball 2-0: SINGLE (Flyball, 7LS, EV 90.0 MPH)
|
|
Pitching: RHP Germano Nunes
|
|
|
Batting: LHB Raita Inouye
|
0-0: Called Strike 0-1: Called Strike 0-2: Fly out, F8 (Flyball, 89M, EV 93.8 MPH)
|
| Top of the 7th over - 2 runs, 3 hits, 0 errors, 1 left on base; Beloit 4 - Lansing 3 |
| BOTTOM OF THE 7TH |
|
Lansing Lugnuts batting - Pitching for Beloit Snappers : RHP Andrew Douglas
|
|
Pitching: RHP Rich Reinbolt
|
|
|
Batting: RHB Bryan Westray
|
0-0: Called Strike 0-1: Foul Ball, location: 2F 0-2: SINGLE (Groundball, 34D, EV 101.9 MPH)
|
|
Batting: RHB Finn Ross
|
0-0: Ball 1-0: Sac Bunt to 2L - play at first, batter OUT! 2-4 Bryan Westray to second
|
|
Batting: LHB David Ramirez
|
0-0: Foul Ball, location: 2F 0-1: Called Strike Bryan Westray steals 3rd base 0-2: Strikes out swinging, 2-3 out at first.
|
|
Batting: SHB Jose Garcia
|
0-0: Ball 1-0: Foul Ball, location: 2F 1-1: Ball 2-1: Fly out, F9 (Line Drive, 9, EV 86.9 MPH)
|
| Bottom of the 7th over - 0 runs, 1 hit, 0 errors, 1 left on base; Beloit 4 - Lansing 3 |
| TOP OF THE 8TH |
|
Beloit Snappers batting - Pitching for Lansing Lugnuts : RHP Germano Nunes
|
|
Batting: RHB Brian Rathbun
|
0-0: Foul Ball, location: 2F 0-1: Ball 1-1: Ball 2-1: Called Strike 2-2: Ball 3-2: Base on Balls
|
|
Batting: RHB Dan Boylan
|
0-0: Ball 1-0: Bunted foul 1-1: Sac Bunt to 25 - play at first, batter OUT! 5-4 Brian Rathbun to second
|
|
Batting: LHB Tom Raupp
|
0-0: Ball 1-0: Ball 2-0: Foul Ball, location: 2F 2-1: Called Strike 2-2: Foul Ball, location: 2F 2-2: Ball 3-2: Base on Balls
|
|
Pinch Runner at 2nd Manny Moron:
|
|
|
Batting: SHB D.J. Codd
|
0-0: Called Strike 0-1: Swinging Strike 0-2: Strikes out swinging
|
|
Batting: RHB Diwan Abdul-Salam
|
0-0: Ball 1-0: 3-RUN HOME RUN (Flyball, 89XD, EV 97.5 MPH), Distance : 384 ft
|
|
Pitching: RHP Jordan Jacobo
|
|
|
Batting: RHB Manny Vizzerra
|
0-0: Swinging Strike 0-1: Called Strike 0-2: Ball 1-2: Foul Ball, location: 2F 1-2: SINGLE (Line Drive, 4MD, EV 95.6 MPH)
|
|
Batting: RHB Rick Linders
|
0-0: Ball 1-0: Fly out, F9 (Flyball, 9LS, EV 84.4 MPH)
|
| Top of the 8th over - 3 runs, 2 hits, 0 errors, 1 left on base; Beloit 7 - Lansing 3 |
| BOTTOM OF THE 8TH |
|
Lansing Lugnuts batting - Pitching for Beloit Snappers : RHP Rich Reinbolt
|
|
Now at C: Jim Conrad
|
|
|
Batting: LHB Sumiki Okuhara
|
0-0: Called Strike 0-1: Ball 1-1: Called Strike 1-2: Foul Ball, location: 2F 1-2: Ball 2-2: Ball 3-2: Fly out, F3 (Line Drive, 3, EV 73.8 MPH)
|
|
Batting: RHB B.J. Worthy
|
0-0: Ball 1-0: Called Strike 1-1: Fly out, F8 (Flyball, 8RXD, EV 101.9 MPH)
|
|
Batting: RHB Luis Reyes
|
0-0: Ground out 6-3 (Groundball, 6, EV 106.3 MPH)
|
| Bottom of the 8th over - 0 runs, 0 hits, 0 errors, 0 left on base; Beloit 7 - Lansing 3 |
| TOP OF THE 9TH |
|
Beloit Snappers batting - Pitching for Lansing Lugnuts : RHP Jordan Jacobo
|
|
Batting: RHB Travis Lanctot
|
0-0: Fly out, F8 (Flyball, 8RXD, EV 95.0 MPH)
|
|
Batting: LHB Raita Inouye
|
0-0: Foul Ball, location: 2F 0-1: Ground out 4-3 (Groundball, 4M, EV 102.5 MPH)
|
|
Batting: RHB Jim Conrad
|
0-0: Ball 1-0: Foul Ball, location: 2F 1-1: Foul Ball, location: 2F 1-2: Ball 2-2: Strikes out swinging
|
| Top of the 9th over - 0 runs, 0 hits, 0 errors, 0 left on base; Beloit 7 - Lansing 3 |
| BOTTOM OF THE 9TH |
|
Lansing Lugnuts batting - Pitching for Beloit Snappers : RHP Rich Reinbolt
|
|
Batting: RHB Darren McCarty Jr.
|
0-0: Ball 1-0: Foul Ball, location: 2F 1-1: Swinging Strike 1-2: Strikes out swinging
|
|
Batting: RHB Nick Wicker
|
0-0: Ball 1-0: DOUBLE (Line Drive, 78D, EV 100.6 MPH)
|
|
Batting: RHB Bryan Westray
|
0-0: Ball 1-0: Foul Ball, location: 2F 1-1: Ball 2-1: Called Strike 2-2: SINGLE (Groundball, 4MD, EV 105.0 MPH) Nick Wicker to third
|
|
Pitching: RHP Ubbe Dekker
|
|
|
Batting: RHB Finn Ross
|
0-0: Swinging Strike 0-1: Swinging Strike 0-2: Ball 1-2: Foul Ball, location: 2F 1-2: Ball 2-2: Foul Ball, location: 2F 2-2: DOUBLE (Line Drive, 5D, EV 106.3 MPH) Nick Wicker scores Bryan Westray to third
|
|
Batting: LHB David Ramirez
|
0-0: Ball 1-0: Ground out 4-3 (Groundball, 4, EV 107.5 MPH) Bryan Westray scores Finn Ross to third
|
|
Batting: SHB Jose Garcia
|
0-0: Swinging Strike 0-1: DOUBLE (Flyball, 89XD, EV 111.9 MPH) Finn Ross scores
|
|
Batting: LHB Sumiki Okuhara
|
0-0: Ball 1-0: Ball 2-0: Ball 3-0: Base on Balls
|
|
Pinch Hitting: LHB Dan Martinez
|
0-0: Ball 1-0: Ground out 5-3 (Groundball, 6S, EV 86.3 MPH)
|
| Bottom of the 9th over - 3 runs, 4 hits, 0 errors, 2 left on base; Beloit 7 - Lansing 6 |
|